 Dungeon Crawl Stone Soup version 0.30-a0-557-ge2afbf3030 (webtiles) character file.

Game seed: 5229625963956561124

99 Newt the Trooper (level 4, -1/35 HPs)
             Began as a Demonspawn Gladiator on Dec 27, 2022.
             Slain by an orc priest
             ... wielding a +0 flail
              (4 damage)
             ... on level 2 of the Dungeon.
             The game lasted 00:02:02 (2150 turns).

Newt the Trooper (Demonspawn Gladiator)             Turns: 2150, Time: 00:02:02

Health: -1/35      AC:  5    Str: 16    XL:     4   Next: 45%
Magic:  4/4        EV: 12    Int:  9    God:
Gold:   166        SH:  0    Dex: 15    Spells: 3/3 levels left

rFire   . . .      SeeInvis .    h - +1 short sword (venom)
rCold   . . .      Faith    .    (no shield)
rNeg    . . .      Spirit   .    b - +0 leather armour
rPois   .          Reflect  .    c - +0 helmet
rElec   .          Harm     .    (no cloak)
rCorr   .          Rampage  .    (no gloves)
Will    .....                    i - +0 pair of boots
Stlth   ++                       (no amulet)
HPRegen 0.25/turn                (no ring)
MPRegen 0.09/turn                (no ring)

@: no status effects
A: hooves 1, foul stench 2
a: no special abilities


You were on level 2 of the Dungeon.
You visited 1 branch of the dungeon, and saw 3 of its levels.

You collected 166 gold pieces.

Inventory:

Hand Weapons
 a - a +0 rapier
 f - a +0 long sword
 h - a +1 short sword of venom (weapon)
Missiles
 d - a throwing net (quivered)
Armour
 b - a +0 leather armour (worn)
 c - a +0 helmet (worn)
 i - a +0 pair of boots (worn)
Scrolls
 e - a scroll of teleportation
Potions
 j - 2 potions of cancellation
 l - a potion of brilliance {unknown}
 m - 2 potions of mutation {unknown}


   Skills:
 + Level 3.5 Fighting
 - Level 2.6 Short Blades
 - Level 1.7 Throwing
 - Level 2.6 Dodging
 - Level 3.0 Stealth


You had 3 spell levels left.
You didn't know any spells.
Your spell library was empty.

Dungeon Overview and Level Annotations

Branches:
Dungeon (3/15)

Altars:

Shops:
D:2 [


Innate Abilities, Weirdness & Mutations

You have large cloven feet.
You sometimes emit foul miasma when damaged in melee.


Message History

You kill the hobgoblin!
You closely miss the orc priest.
The orc priest calls down the wrath of Beogh upon you.
Beogh smites you!
You hear a shout!
You closely miss the orc priest.
The orc priest mumbles some strange prayers to Beogh against you.
Beogh smites you!
* * * LOW HITPOINT WARNING * * *
An orc comes into view. It is wielding a +0 whip.
You are too injured to fight recklessly!
You are too injured to fight recklessly!
You are too injured to fight recklessly!
You are too injured to fight recklessly!
You are too injured to fight recklessly!
You are too injured to fight recklessly!
You are too injured to fight recklessly!
You are too injured to fight recklessly!
You are too injured to fight recklessly!
You are too injured to fight recklessly!
You are too injured to fight recklessly!
You are too injured to fight recklessly!
You are too injured to fight recklessly!
You are too injured to fight recklessly!
You are too injured to fight recklessly!
You are too injured to fight recklessly!
You are too injured to fight recklessly!
Unknown command.
The orc priest hits you with a +0 flail!
* * * LOW HITPOINT WARNING * * *
You climb upwards.
There is a stone staircase leading down here.
Unknown command.
Throw: 2 throwing nets
Press: ? - help, Q - select action Shift-Dir - straight line, f - orc priest
Aim: an orc priest, wielding a +0 flail (59% to hit)
You throw a throwing net.
The throwing net closely misses the orc priest.
The orc priest hits you with a +0 flail.
You die...

#............#
#(...........#####
####.................
#.............)......
###.##.........[.......
#................).....
#......................
#.....[...########.)...
#.....@o.(###### #.....
#..............# #.....
######.#####.#.# #.....
#######.#.###.....
#....#..#######
#.#####.....###
#######.# ####.....
#.......# #.....
#.##############.....


You could see an orc priest.

Vanquished Creatures
  An orc wizard (D:2)
  A worm (D:2)
  A dart slug (D:2)
  An orc (D:3)
  5 ball pythons
  5 bats
  4 endoplasms
  2 giant cockroaches (D:1)
  9 hobgoblins
  4 jackals (D:1)
  3 kobolds
  3 quokkas
  6 frilled lizards
  13 goblins
  2 rats
60 creatures vanquished.

Notes
Turn   | Place    | Note
-------+----------+-------------------------------------------
     0 | D:1      | Newt the Demonspawn Gladiator began the quest for the Orb.
     0 | D:1      | Reached XP level 1. HP: 16/16 MP: 1/1
    38 | D:1      | Reached skill level 1 in Stealth
   154 | D:1      | Gained mutation: You may rarely emit foul miasma when
                  | damaged in melee. [demonic ancestry]
   154 | D:1      | Reached XP level 2. HP: 22/22 MP: 2/2
   255 | D:1      | Gained mutation: You have large cloven feet. [demonic
                  | ancestry]
   255 | D:1      | Reached XP level 3. HP: 24/27 MP: 3/3
  1005 | D:2      | Found Giykkyit's Armour Emporium.
  1400 | D:2      | Gained mutation: You sometimes emit foul miasma when
                  | damaged in melee. [demonic ancestry]
  1400 | D:2      | Reached XP level 4. HP: 32/34 MP: 4/4
  2150 | D:2      | Slain by an orc priest

Illustrated notes

Levels and vault maps discovered:
D:1:      dpeg_arrival_court, layout_rooms, chequers_jeans,
          kennysheep_flooded_box, minmay_close_crescents
D:2:      layout_basic, serial_shops, nicolae_shop_stone, minmay_goblin_outpost
D:3:      layout_loops_ring

Skill      XL: |  1  2  3  4 |
---------------+-------------+-----
Stealth        | 1 2 3 |  3.0
Fighting       | 3 |  3.5
Short Blades   | |  2.6
Throwing       | |  1.7
Dodging        | |  2.6

Action                   |  1- 3 |  4- 6 || total
-------------------------+-------+-------++-------
Melee: Long sword        |    37 |       ||    37
       Rapier            |     2 |       ||     2
       Short sword       |   106 |    21 ||   127
       Punch             |     2 |       ||     2
Throw: Javelin           |     1 |       ||     1
       Throwing net      |       |     2 ||     2
  Use: Scroll            |     4 |     4 ||     8
 Stab: Sleeping          |     8 |       ||     8
Armor: Leather armour    |    51 |     5 ||    56
Dodge: Dodged            |   106 |    10 ||   116

Table legend: (Time is in decaauts)
 A = Elapsed time spent in this place.
 B = Non-inter-level travel time spent in this place.
 C = Inter-level travel time spent in this place.
 D = Time resting spent in this place.
 E = Time spent auto-exploring this place.
 F = Levels seen in this place.
 G = Mean time per level.
                   A        B        C        D        E       F      G
               +--------+--------+--------+--------+--------+-----+--------+
         Total |   2147 |   2091 |     56 |    623 |   1081 |   3 |  715.7 |
       Dungeon |   2147 |   2091 |     56 |    623 |   1081 |   3 |  715.7 |
               +--------+--------+--------+--------+--------+-----+--------+

Top non-repeatable levels by time:
     D:2: 1319 daAuts
     D:1: 806 daAuts
     D:3: 21 daAuts
